 Dungeon Crawl Stone Soup version 0.14.0-15-g6b16f67 (webtiles) character file.

213 Qrupt the Insei (level 4, 0/32 HPs)
             Began as a Demonspawn Transmuter on Apr 17, 2014.
             Killed by divine providence
             ... invoked by an orc priest
              (15 damage)
             ... on Level 3 of the Dungeon.
             The game lasted 00:06:29 (3394 turns).

Qrupt the Insei (Demonspawn Transmuter)             Turns: 3394, Time: 00:06:29

HP   0/32        AC  4     Str 11      XL: 4   Next: 81%
MP   6/7         EV 12     Int 14      God:
Gold 89          SH  0     Dex 14      Spells:  2 memorised,  3 levels left

rFire  + . .     SeeInvis .       - Unarmed
rCold  . . .     Clarity  .     p - +2 robe {rF+}
rNeg   . . .     Conserve .     (no shield)
rPois  .         rCorr    .     (helmet restricted)
rElec  .         rRot     .     (no cloak)
SustAb . .       Spirit   .     (no gloves)
rMut   .         Warding  .     (no boots)
Saprov . . .     Stasis   .     (no amulet)
MR     .....                    (no ring)
                                (no ring)

@: appendage, not resistant to hostile enchantments, unstealthy
A: hooves 1, horns 2
a: End Transformation


You were on level 3 of the Dungeon.
You were hungry.
You had grown temporary horns.
You visited 1 branch of the dungeon, and saw 3 of its levels.

You collected 89 gold pieces.

Inventory:

Missiles
 b - 12 arrows
Armour
 p - a +2 robe of fire resistance (worn)
Comestibles
 a - 2 bread rations
 c - a choko
 h - an apple
 m - a lychee
 r - a pear
Scrolls
 e - 2 scrolls of remove curse {unknown}
 g - 2 scrolls of identify {unknown}
 j - 2 scrolls of teleportation {unknown}
 n - a scroll of enchant armour {unknown}
Potions
 f - a potion of curing {unknown}
 i - 2 potions of brilliance {unknown}
 k - a potion of agility {unknown}
 l - 2 potions of heal wounds {unknown}
 o - a potion of cure mutation {unknown}
 q - a potion of restore abilities {unknown}
Books
 d - a book of Changes

   Spells                             Type                      Level
   *Beastly Appendage                 Transmutation                1
   Sticks to Snakes                   Transmutation                2
   *Spider Form                       Transmutation/Poison         3
   Ice Form                           Ice/Transmutation            4
   Blade Hands                        Transmutation                5


   Skills:
 - Level 1.0 Fighting
 - Level 1.7 Dodging
 + Level 4.9 Unarmed Combat
 - Level 2.0 Spellcasting
 + Level 2.1 Transmutations


You had 3 spell levels left.
You knew the following spells:

 Your Spells              Type           Power        Failure   Level  Hunger
a - Beastly Appendage     Trmt           #.....       12%         1    ##.....
b - Spider Form           Trmt/Pois      #.........   47%         3    ####...


Dungeon Overview and Level Annotations

Branches:
Dungeon (3/15)

Altars:


Innate Abilities, Weirdness & Mutations

You have large cloven feet.*
You have a pair of horns on your head.*


Message History

You hit the orc.
You kill the orc!
Items here: %%% )) [ The orc priest mumbles some strange prayers to Beogh against you.
Pain shoots through your body!
You hit the orc priest but do no damage.
You headbutt the orc priest.
The orc priest is moderately wounded.
Your horns disappear.
The orc hits you but does no damage. The orc priest hits you.
You hit the orc priest but do no damage.
The orc priest is moderately wounded.
The orc closely misses you.
The orc priest hits you but does no damage.
Casting: Beastly Appendage
Confirm with . or Enter, or press ? or * to list all spells.
You grow a pair of large bovine horns.
The orc hits you but does no damage.
The orc priest mumbles some strange prayers to Beogh against you.
Something smites you!
You die...

. .. .#.......##.. ..
............##.. ....
............)... o....
##.#.........####. o.....
#.................
....###........#...####. #
#................# #. #.
#....o...........# #. #.###
#...o@...........####.
#....#######[................
..#....#.................#####.
........#.....................#.
.........................>......
..........................###.#.
.................#...##..# #.#.
.....................+...# #.#.
#.#.####.........#...##..# #.#.


You could see an orc priest and an orc.

Vanquished Creatures
  6 adders
  2 worms (D:2)
  3 giant geckos (D:1)
  An ooze (D:1)
  7 orcs (D:3)
  3 bats
  3 giant cockroaches (D:2)
  6 goblins
  8 hobgoblins
  4 giant newts
  2 kobolds
  A quokka (D:2)
  6 rats
52 creatures vanquished.

Notes
Turn   | Place    | Note
--------------------------------------------------------------
     0 | D:1      | Qrupt, the Demonspawn Transmuter, began the quest for the Orb.
     0 | D:1      | Reached XP level 1. HP: 15/15 MP: 3/3
   282 | D:1      | Reached skill level 3 in Unarmed Combat
   598 | D:1      | Gained mutation: You have large cloven feet. [demonic ancestry]
   598 | D:1      | Reached XP level 2. HP: 19/21 MP: 2/4
  1245 | D:2      | Reached XP level 3. HP: 14/26 MP: 4/6
  1478 | D:2      | Learned a level 3 spell: Spider Form
  1503 | D:2      | Reached skill level 4 in Unarmed Combat
  2081 | D:2      | Reached XP level 4. HP: 28/32 MP: 5/7
  3394 | D:3      | Killed from afar by an orc priest

Action                   |  1- 3 |  4- 6 || total
-------------------------+-------+-------++-------
Melee: Unarmed           |   120 |    86 ||   206
 Cast: Beastly Appendage |    16 |    10 ||    26
